 Dungeon Crawl Stone Soup version 0.28-a0-1447-ga5a8893891 (webtiles) character file.

Game seed: 1952485369087707192

394 lonewolfV2 the Ruffian (level 6, -1/51 HPs)
             Began as a Ghoul Gladiator on Jan 10, 2022.
             Slain by a black bear (2 damage)
             ... on level 3 of the Dungeon.
             The game lasted 00:04:53 (2844 turns).

lonewolfV2 the Ruffian (Ghoul Gladiator)            Turns: 2844, Time: 00:04:53

Health: -1/51      AC:  4    Str: 20    XL:     6   Next: 82%
Magic:  0/5        EV: 12    Int:  3    God:
Gold:   83         SH:  0    Dex: 10    Spells: 5/5 levels left

rFire   . . .      SeeInvis .     - Unarmed
rCold   + . .      Faith    .   (no shield)
rNeg    + + +      Spirit   +   a - +0 leather armour
rPois   ∞          Reflect  .   b - +0 helmet
rElec   .          Harm     .   e - scarf {shadows}
rCorr   .          Rampage  .   (no gloves)
Will    .....                   (no boots)
Stlth   +.........              i - amulet of guardian spirit
HPRegen 0.00/turn               (no ring)
MPRegen 0.09/turn               (no ring)

@: inhibited regen
A: claws 1, cold resistance 1, negative energy resistance 3, inhibited
regeneration, torment resistance 2
a: no special abilities


You were on level 3 of the Dungeon.
You visited 1 branch of the dungeon, and saw 3 of its levels.

You collected 83 gold pieces.

Inventory:

Missiles
 c - 3 throwing nets (quivered)
Armour
 a - a +0 leather armour (worn)
 b - a +0 helmet (worn)
 e - a scarf of shadows (worn)
Jewellery
 i - an amulet of guardian spirit (around neck)
Scrolls
 d - a scroll of identify
 f - a scroll of enchant weapon


   Skills:
 + Level 3.2 Fighting
 + Level 2.1 Throwing
 + Level 2.3 Armour
 + Level 4.0 Dodging
 + Level 0.4 Stealth
 + Level 5.7 Unarmed Combat


You had 5 spell levels left.
You didn't know any spells.
Your spell library was empty.

Dungeon Overview and Level Annotations

Branches:
Dungeon (3/15)

Altars:


Innate Abilities, Weirdness & Mutations

You thrive by killing the living.
You are immune to poison.
You have sharp fingernails.
Your flesh is cold resistant. (rC+)
You are immune to negative energy. (rN+++)
You do not regenerate when monsters are visible.
You are immune to unholy pain and torment.


Message History

The black bear is lightly wounded.
The black bear completely misses you. The black bear misses you. x2
You closely miss the black bear.
The black bear is lightly wounded.
The black bear barely misses you.
The black bear claws you but does no damage.
The black bear claws you.
You scratch the black bear.
The black bear is moderately wounded.
The black bear barely misses you. The black bear claws you.
The black bear misses you.
You completely miss the black bear.
The black bear is moderately wounded.
The black bear bites you but does no damage.
The black bear claws you but does no damage.
The black bear claws you.
You barely miss the black bear.
The black bear is moderately wounded.
You barely miss the black bear.
The black bear is moderately wounded.
The black bear bites you.
* * * LOW HITPOINT WARNING * * *
The black bear claws you.
* * * LOW HITPOINT WARNING * * *
The black bear barely misses you.
You aren't carrying any potions.
You hear the rapid rusting of a distant drain.
You scratch the black bear.
The black bear is moderately wounded.
The black bear bites you.
* * * LOW HITPOINT WARNING * * *
The black bear claws you.
* * * LOW HITPOINT WARNING * * *
The black bear misses you.
You claw the black bear!
The black bear is severely wounded.
The black bear bites you.
* * * LOW HITPOINT WARNING * * *
The black bear claws you.
You die...

#..###..##.#
#.........# #))# #..#
#†.# #..#####
###......# #...####.#
#@### #.##.# #h# #.##.#
###.######.##.# ####
#.......##.##.# #...
#.......##.##.# #...
#.......##.##.###...
.................÷...<
####.......##.##.###...
#.............# #..<


You could see a black bear.

Vanquished Creatures
  Sigmund (D:2)
  A sky beast (D:3)
  4 gnolls (D:2)
  4 adders
  4 worms (D:2)
  2 dart slugs (D:1)
  3 orcs (D:3)
  5 ball pythons
  3 bats
  3 endoplasms (D:1)
  3 giant cockroaches
  8 goblins
  5 hobgoblins
  4 frilled lizards (D:2)
  5 kobolds
  2 rats (D:2)
57 creatures vanquished.

Vanquished Creatures (others)
  3 plants (D:1)
3 creatures vanquished.

Grand Total: 60 creatures vanquished

Notes
Turn   | Place    | Note
-------+----------+-------------------------------------------
     0 | D:1      | lonewolfV2 the Ghoul Gladiator began the quest for the Orb.
     0 | D:1      | Reached XP level 1. HP: 17/17 MP: 0/0
   302 | D:1      | Reached XP level 2. HP: 24/24 MP: 1/1
   773 | D:1      | Reached XP level 3. HP: 27/30 MP: 2/2
  1059 | D:2      | Noticed Sigmund
  1073 | D:2      | Killed Sigmund
  1074 | D:2      | Reached skill level 1 in Armour
  1074 | D:2      | Reached skill level 5 in Unarmed Combat
  1074 | D:2      | Reached XP level 4. HP: 23/37 MP: 3/3
  1074 | D:2      | Reached XP level 5. HP: 27/42 MP: 4/4
  1475 | D:2      | Reached XP level 6. HP: 50/50 MP: 5/5
  2210 | D:2      | Found a faded altar of an unknown god.
  2340 | D:3      | Noticed a sky beast
  2385 | D:3      | Killed a sky beast
  2821 | D:3      | Noticed a black bear
  2844 | D:3      | HP: 1/51 [black bear (4)]
  2844 | D:3      | Slain by a black bear

Illustrated notes

Levels and vault maps discovered:
D:1:      dpeg_arrival_erosion, layout_basic, serial_bayou_lake_a
D:2:      minmay_evil_eye, layout_loops_ring, basic_ecumenical_altar,
          minmay_misc_feat_rugged, uniq_sigmund
D:3:      layout_loops_ring, mainiacjoe_overflow_24_doors, serial_shops,
          shop_statue, gup_sewer_entry_spiral, small_statue_alley_b

Skill      XL: |  1  2  3  4  5  6 |
---------------+-------------------+-----
Throwing       | 2 |  2.1
Armour         | 1 2 |  2.3
Dodging        | 3 4 |  4.0
Unarmed Combat | 5 |  5.7
Fighting       | 3 |  3.2
Stealth        | |  0.4

Action                   |  1- 3 |  4- 6 || total
-------------------------+-------+-------++-------
Melee: Unarmed           |    66 |   143 ||   209
       Punch             |     1 |     4 ||     5
  Use: Scroll            |       |     4 ||     4
       Potion            |       |     3 ||     3
Armor: Leather armour    |    27 |    50 ||    77
Dodge: Dodged            |    47 |   106 ||   153

Table legend: (Time is in decaauts)
 A = Elapsed time spent in this place.
 B = Non-inter-level travel time spent in this place.
 C = Inter-level travel time spent in this place.
 D = Time resting spent in this place.
 E = Time spent auto-exploring this place.
 F = Levels seen in this place.
 G = Mean time per level.
                   A        B        C        D        E       F      G
               +--------+--------+--------+--------+--------+-----+--------+
         Total |   2856 |   2788 |     68 |    244 |   2001 |   3 |  952.0 |
       Dungeon |   2856 |   2788 |     68 |    244 |   2001 |   3 |  952.0 |
               +--------+--------+--------+--------+--------+-----+--------+

Top non-repeatable levels by time:
     D:2: 1261 daAuts
     D:1: 1083 daAuts
     D:3: 511 daAuts
